 Dungeon Crawl Stone Soup version 0.23.2-30-g0e89c35649 (webtiles) character file.

Game seed: 16171662465236572048

1667 brikk the Insei (level 9, -4/66 HPs)
             Began as an Octopode Transmuter on June 10, 2019.
             Was a Believer of Makhleb.
             Slain by a hornet (9 damage)
             ... on level 7 of the Dungeon.
             The game lasted 00:14:43 (6617 turns).

brikk the Insei (Octopode Transmuter)               Turns: 6617, Time: 00:14:45

Health: -4/66      AC:  6    Str: 14    XL:     9   Next: 1%
Magic:  10/15      EV: 12    Int: 16    God:    Makhleb [**....]
Gold:   377        SH:  0    Dex: 15    Spells: 6/16 levels left

rFire    x . .     SeeInvis +     - Unarmed
rCold    + + +     Gourm    .   (shield currently unavailable)
rNeg     . . .     Faith    .   (helmet currently unavailable)
rPois    +         Spirit   .   (no amulet)
rElec    .         Reflect  .   e - ring of wizardry
rCorr    .         Harm     .   d - ring of see invisible
MR       .....                  l - +1 ring of evasion
Stlth    ++........             (no ring)
HPRegen  0.21/turn              (no ring)
MPRegen  0.14/turn              (no ring)
                                (no ring)
                                (no ring)

@: mighty, lethally poisoned (-4 -> -5), ice-form, slowed, very slow
A: large, almost no armour, stealthy swim, amphibious, 8 rings, (constrict 8)
a: End Transformation, Minor Destruction, Renounce Religion


You were on level 7 of the Dungeon.
You worshipped Makhleb.
Makhleb was pleased with you.
You were hungry.
You were a creature of crystalline ice.
You visited 1 branch of the dungeon, and saw 7 of its levels.

You collected 377 gold pieces.

Inventory:

Missiles
 a - 142 arrows
 i - 11 tomahawks (quivered)
 q - a throwing net
Jewellery
 d - a ring of see invisible (right front paw)
 e - a ring of wizardry (left front paw)
 l - a +1 ring of evasion (on tentacle)
Scrolls
 b - 13 scrolls of identify {unknown}
 g - 6 scrolls of remove curse {unknown}
 m - 2 scrolls of immolation {unknown}
 n - a scroll of amnesia {unknown}
 o - a scroll of enchant weapon {unknown}
 x - a scroll of enchant armour {unknown}
 y - a scroll of fog {unknown}
 z - a scroll of silence {unknown}
 A - a scroll of teleportation {unknown}
Potions
 f - 2 potions of curing {unknown}
 h - 3 potions of haste {unknown}
 j - a potion of berserk rage {unknown}
 k - 2 potions of flight {unknown}
 p - a potion of ambrosia {unknown}
 r - 3 potions of agility {unknown}
 s - a potion of heal wounds {unknown}
 t - a potion of magic {unknown}
 u - a potion of resistance {unknown}
 v - a potion of might
 w - a potion of degeneration {unknown}
Comestibles
 c - 6 rations


   Skills:
 + Level 2.4 Fighting
 + Level 3.5 Dodging
 - Level 1.8 Stealth
 + Level 7.5 Unarmed Combat
 * Level 4.4 Spellcasting
 * Level 4.6 Transmutations
 * Level 3.2 Ice Magic
 - Level 3.1 Poison Magic


You had 6 spell levels left.
You knew the following spells:

 Your Spells              Type           Power        Failure   Level  Hunger
a - Beastly Appendage     Tmut           ###...       1%          1    None
b - Sticks to Snakes      Tmut           ###.....     1%          2    ##.....
c - Spider Form           Tmut/Pois      ###.......   4%          3    ###....
d - Ice Form              Ice/Tmut       ###.....     13%         4    ####...

Your spell library contained the following spells:

 Spells                   Type           Power        Failure   Level  Hunger
 Freeze                   Ice            ##..         1%          1    None
 Throw Frost              Conj/Ice       #.....       5%          2    ##.....
 Animate Skeleton         Necr           N/A          6%          1    None
 Apportation              Tloc           #.....       6%          1    None
 Confusing Touch          Hex            #.....       6%          1    None
 Pain                     Necr           #...         6%          1    None
 Summon Small Mammal      Summ           #...         6%          1    None
 Ozocubu's Armour         Chrm/Ice       #.......     11%         3    ###....
 Regeneration             Chrm/Necr      #.........   19%         3    ###....
 Vampiric Draining        Necr           #.........   19%         3    ###....
 Blade Hands              Tmut           ###.......   26%         5    ######.
 Summon Ice Beast         Ice/Summ       #.......     32%         4    ####...
 Throw Icicle             Conj/Ice       #.......     32%         4    ####...
 Animate Dead             Necr           N/A          52%         4    ####...


Dungeon Overview and Level Annotations

Branches:
Dungeon (7/15)             Temple (0/1) D:4

Altars:
Makhleb
Ru
The Shining One

Annotations:
D:6 exclusion: downstairs


Innate Abilities, Weirdness & Mutations

You cannot wear most types of armour.
You are very stealthy in the water. (Stealth+)
You are amphibious.
You can wear up to eight rings at the same time.
((You can use your tentacles to constrict eight enemies at once.))
((Your skin changes colour to match your surroundings (Stealth+).))
((Your rubbery body absorbs attacks. (AC +1, EV +1)))


Message History

The hornet stings you but does no damage.
You barely miss the hornet.
The hornet is moderately wounded.
The hornet stings you.
The orc warrior throws a stone.
The stone hits you!
You hit the hornet. You freeze the hornet.
The hornet is moderately wounded.
The hornet completely misses you.
You hit the hornet but do no damage.
The hornet is moderately wounded.
You feel sick. The hornet completely misses you.
The orc warrior closely misses you. The hornet stings you.
* * * LOW HITPOINT WARNING * * *
You feel yourself slow down.
You feel very mighty all of a sudden. The hornet stings you.
* * * LOW HITPOINT WARNING * * *
The orc warrior hits you with a +0 battleaxe.
* * * LOW HITPOINT WARNING * * *
The hornet stings you!
You die...

#..........# #..#
#...# #......#...#
#..####...#
##.#)#.###.#
#.....+...##
#.#..)....#
#...###....# #
###o##### #...# ##...#
###.#######...# #.....
#.........#...# #.....
#.#.#####.#...# #.....
#...oYy.#+#...###+###.
##...................#
#..#.##.....#.......#
#.(.........#.......#
##.#....##.##.......#
#.#....##.##.......#
..#....##.##.......#
........+...#^......#
.. .#....##..#.......#


You could see a hornet and an orc warrior.

Vanquished Creatures
  Pikel (D:6)
  Sigmund (D:5)
  Edmund (D:4)
  A sky beast (D:7)
  An ogre (D:7)
  A bullfrog (D:7)
  2 scorpions
  A water moccasin skeleton (D:4)
  A crimson imp (D:2)
  2 hounds
  An orc priest (D:5)
  A bullfrog skeleton (D:5)
  3 orc wizards
  An iguana (D:4)
  Terence (D:2)
  2 worker ants
  A worker ant zombie (D:7)
  7 adders
  A shadow imp (D:5)
  An adder skeleton (D:7)
  4 worms
  4 dart slugs
  4 leopard geckos
  16 orcs
  13 bats
  3 giant cockroaches
  7 goblins
  15 hobgoblins
  3 jackals (D:4)
  4 kobolds
  A quokka (D:6)
  2 frilled lizards
  9 rats
116 creatures vanquished.

Notes
Turn   | Place    | Note
-------+----------+-------------------------------------------
     0 | D:1      | brikk the Octopode Transmuter began the quest for the Orb.
     0 | D:1      | Reached XP level 1. HP: 13/13 MP: 3/3
   103 | D:1      | Reached XP level 2. HP: 18/18 MP: 5/5
   108 | D:1      | Learned a level 2 spell: Sticks to Snakes
   457 | D:1      | Reached XP level 3. HP: 23/23 MP: 4/6
   646 | D:1      | Learned a level 3 spell: Spider Form
   682 | D:2      | Reached skill level 1 in Stealth
   988 | D:2      | Noticed Terence
  1002 | D:2      | Killed Terence
  1002 | D:2      | Reached skill level 1 in Poison Magic
  1002 | D:2      | Reached XP level 4. HP: 17/28 MP: 4/7
  1390 | D:2      | Found a glowing golden altar of the Shining One.
  1577 | D:2      | Found a burning altar of Makhleb.
  1769 | D:2      | Reached XP level 5. HP: 32/33 MP: 9/9
  1806 | D:2      | Reached skill level 4 in Unarmed Combat
  2186 | D:2      | Became a worshipper of Makhleb the Destroyer
  2784 | D:4      | Noticed Edmund
  2899 | D:4      | Killed Edmund
  2899 | D:4      | Reached XP level 6. HP: 12/39 MP: 10/10
  3192 | D:4      | Reached skill level 5 in Unarmed Combat
  3198 | D:4      | Learned a level 4 spell: Ice Form
  3393 | D:4      | Reached * piety under Makhleb
  3594 | D:4      | Reached XP level 7. HP: 23/44 MP: 11/11
  3981 | D:4      | Found a staircase to the Ecumenical Temple.
  4261 | D:4      | Reached skill level 1 in Ice Magic
  4717 | D:5      | Entered Level 5 of the Dungeon
  4821 | D:5      | Noticed Sigmund
  4834 | D:5      | Killed Sigmund
  4852 | D:5      | Found a sacrificial altar of Ru.
  5031 | D:5      | Reached skill level 6 in Unarmed Combat
  5726 | D:5      | Reached XP level 8. HP: 44/50 MP: 13/13
  5989 | D:6      | Noticed Pikel
  6015 | D:6      | Killed Pikel
  6015 | D:6      | Reached skill level 7 in Unarmed Combat
  6427 | D:7      | Noticed a hornet
  6603 | D:7      | Reached ** piety under Makhleb
  6607 | D:7      | Reached XP level 9. HP: 42/55 MP: 13/15
  6617 | D:7      | Slain by a hornet

Skill      XL: |  1  2  3  4  5  6  7  8 |
---------------+-------------------------+-----
Stealth        | 1 |  1.8
Poison Magic   | 1 2 3 |  3.1
Unarmed Combat | 4 5 6 7 |  7.5
Spellcasting   | 3 4 |  4.4
Transmutations | 3 4 |  4.6
Ice Magic      | 1 3 |  3.2
Fighting       | 2 |  2.4
Dodging        | 3 |  3.5

Action                   |  1- 3 |  4- 6 |  7- 9 || total
-------------------------+-------+-------+-------++-------
Melee: Unarmed           |    56 |   130 |   143 ||   329
       Constrict         |    14 |    23 |    22 ||    59
       Tentacles         |    11 |    16 |    22 ||    49
       Kick              |     6 |    13 |    16 ||    35
       Punch             |       |     2 |     4 ||     6
 Cast: Beastly Appendage |     7 |     7 |     9 ||    23
       Sticks to Snakes  |     3 |       |       ||     3
       Spider Form       |     1 |     4 |     5 ||    10
       Ice Form          |       |       |     1 ||     1
  Use: Potion            |       |       |     1 ||     1
 Stab: Sleeping          |     6 |    11 |     5 ||    22
  Eat: Ration            |       |     1 |     1 ||     2
       Chunk             |       |     6 |     6 ||    12
Armor: Skin              |     7 |     7 |     4 ||    18
Dodge: Dodged            |    38 |    59 |    96 ||   193
